 Dungeon Crawl Stone Soup version 0.22.0-25-g7663229 (webtiles) character file.

14 Nilihum the Vandal (level 2, -1/19 HPs)
             Began as a Halfling Hunter on Aug 20, 2018.
             Slain by a kobold
             ... wielding a +0 short sword
              (4 damage)
             ... on level 1 of the Dungeon.
             The game lasted 00:01:08 (308 turns).

Nilihum the Vandal (Halfling Hunter)                 Turns: 308, Time: 00:01:09

Health: -1/19      AC:  3    Str: 13    XL:     2   Next: 60%
Magic:  2/2        EV: 14    Int: 14    God:
Gold:   25         SH:  0    Dex: 14    Spells: 1/1 levels left

rFire    . . .     SeeInvis .   b - +0 short sword
rCold    . . .     Gourm    .   (shield restricted)
rNeg     . . .     Faith    .   c - +0 leather armour
rPois    .         Spirit   .   (no helmet)
rElec    .         Reflect  .   (no cloak)
rCorr    .         Harm     .   (no gloves)
MR       .....                  (no boots)
Stlth    +.........             (no amulet)
HPRegen  0.06/turn              g - +5 ring of intelligence
MPRegen  0.08/turn              (no ring)

@: no status effects
A: small, mutation resistance 1
a: no special abilities


You were on level 1 of the Dungeon.
You were not hungry.

You visited 1 branch of the dungeon, and saw 1 of its levels.

You collected 25 gold pieces.

Inventory:

Hand Weapons
 a - a +1 hunting sling
 b - a +0 short sword (weapon)
Missiles
 d - 20 sling bullets
Armour
 c - a +0 leather armour (worn)
Jewellery
 g - a +5 ring of intelligence (left hand)
   (You found it on level 1 of the Dungeon)
Scrolls
 e - a scroll of identify {unknown}
 i - a scroll of magic mapping {unknown}
Comestibles
 f - 3 rations
 h - 4 chunks of flesh {@w0}


   Skills:
 + Level 2.1 Fighting
 * Level 6.5 Slings
 - Level 2.1 Dodging
 - Level 1.1 Stealth


You had one spell level left.
You didn't know any spells.
Your spell library was empty.

Dungeon Overview and Level Annotations

Branches:
Dungeon (1/15)

Altars:
Ashenzari


Innate Abilities, Weirdness & Mutations

You are small and have problems with some larger weapons.
You are somewhat resistant to further mutation.


Message History

You see here a frilled lizard skeleton.
You start resting.
The giant cockroach is too close now for your liking.
You regained 7 hp, and now have 18/19 hp.
A giant cockroach is nearby!
The giant cockroach misses you.
You hit the giant cockroach.
You kill the giant cockroach!
No target in view!
No target in view!
You see here a giant cockroach corpse.
You butcher the giant cockroach corpse.
h - 4 chunks of flesh {@w0} (gained 1)
f - 2 rations (gained 1)
Found a stone staircase leading down.
Health restored: 19 You now have 25 gold pieces (gained 6).
There is a dry fountain here.
f - 3 rations (gained 1)
i - a scroll labeled XARHEM GEPTUPU
There is a dry fountain here.
A hobgoblin comes into view.
The hobgoblin shouts!
A kobold comes into view. It is wielding a short sword.
The kobold shouts!
You hear a bark! x2
You hit the hobgoblin.
You kill the hobgoblin!
The kobold throws a stone.
The stone hits you.
You take 1 damage, and have 18/19 hp.
The kobold throws a stone.
The stone barely misses you.
You hit the kobold but do no damage.
A hobgoblin comes into view.
The kobold misses you.
You miss the kobold. The kobold closely misses you.
The hobgoblin shouts!
You hit the kobold but do no damage.
You hear a bark!
The kobold barely misses you.
You hit the kobold but do no damage. The kobold barely misses you.
You hit the kobold. The kobold closely misses you.
You barely miss the kobold. The kobold misses you.
You hit the kobold but do no damage.
A bat comes into view.
A jackal comes into view.
The kobold hits you with a short sword. The hobgoblin hits you.
The kobold hits you but does no damage.
The bat moves out of view.
You take 4 damage, and have 14/19 hp.
MASSIVE DAMAGE!!
The jackal barks!
You hear a bark!
A goblin comes into view.
You closely miss the hobgoblin. The hobgoblin misses you.
You barely miss the hobgoblin. The hobgoblin misses you.
Your leather armour prevents you from hitting the hobgoblin.
The hobgoblin hits you.
You take 1 damage, and have 14/19 hp.
You hit the hobgoblin.
The goblin shouts!
The hobgoblin misses you.
You barely miss the hobgoblin.
A jackal comes into view.
The hobgoblin closely misses you.
The jackal moves out of view.
You barely miss the hobgoblin. The hobgoblin closely misses you.
You closely miss the hobgoblin.
The jackal barks!
You hear a bark!
The hobgoblin closely misses you.
You hit the hobgoblin but do no damage.
The hobgoblin hits you but does no damage.
A jackal comes into view.
The hobgoblin hits you.
You take 2 damage, and have 12/19 hp.
You hit the hobgoblin but do no damage. The hobgoblin closely misses you.
You hit the hobgoblin.
The hobgoblin hits you but does no damage.
You hit the hobgoblin.
You kill the hobgoblin!
The jackal barely misses you.
You closely miss the jackal. The jackal closely misses you.
You hit the jackal.
You kill the jackal!
You hit the jackal. The jackal closely misses you.
The jackal completely misses you.
You hit the jackal.
You kill the jackal!
The jackal completely misses you.
You closely miss the jackal. The jackal bites you.
You take 2 damage, and have 11/19 hp.
You are too injured to fight recklessly!
You are too injured to fight recklessly!
You are too injured to fight recklessly!
You are too injured to fight recklessly!
You closely miss the jackal. The jackal bites you. x2
You take 5 damage, and have 6/19 hp.
MASSIVE DAMAGE!!
You hit the jackal. The jackal bites you.
* * * LOW HITPOINT WARNING * * *
The jackal barely misses you.
You take 3 damage, and have 3/19 hp.
You hit the jackal.
You kill the jackal!
You completely miss the kobold. The kobold hits you with a short sword.
You die...

## .#.. ...
#.#..#..####.
.............##
[#.#.#..... ...
##.#.#.#...# #..
#..#.#.#h..# #.. ###
#@##.#.....# .
.....#K##.#..#### ###
.......g...#..#⌠.##+##.⌠
..###.#.#.....#.........
#...#..###.#.......#
#..##(.#...#........ #.
..#.. #..#...+..._...+
#......#
#..#...#.......#
#......#
#..##.#........#


You could see a goblin and a kobold.

Vanquished Creatures
  A bat (D:1)
  A giant cockroach (D:1)
  4 hobgoblins (D:1)
  3 jackals (D:1)
  A frilled lizard (D:1)
  2 rats (D:1)
12 creatures vanquished.

Vanquished Creatures (others)
  4 toadstools (D:1)
4 creatures vanquished.

Grand Total: 16 creatures vanquished

Notes
Turn   | Place    | Note
-------+----------+-------------------------------------------
     0 | D:1      | Nilihum the Halfling Hunter began the quest for the Orb.
     0 | D:1      | Reached XP level 1. HP: 14/14 MP: 1/1
    40 | D:1      | Reached skill level 6 in Slings
    91 | D:1      | Found a shattered altar of Ashenzari.
   114 | D:1      | Reached skill level 2 in Fighting
   114 | D:1      | Reached XP level 2. HP: 11/19 MP: 2/2
   306 | D:1      | HP: 3/19 [jackal (3)]
   308 | D:1      | Slain by a kobold

Skill      XL: |  1 |
---------------+----+-----
Slings         | 6 |  6.5
Fighting       | 2 |  2.1
Dodging        | |  2.1
Stealth        | |  1.1

Action                   || total
-------------------------++-------
Melee: Short sword       ||    45
Armor: Leather armour    ||     7
Dodge: Dodged            ||    35

Vault maps used:
D:1:      ldierk_walled_garden_2, minmay_misc_feat_nine_boxes,
          solitary_fountain, st_stairs_3, minmay_gold_behind_fungi,
          minmay_misc_feat_pillars, evilmike_ruin_ashenzari

Table legend:
 A = Turns spent in this place as a percentage of turns spent in the entire game.
 B = Non-inter-level travel turns spent in this place as a percentage of non-inter-level travel turns spent in the entire game.
 C = Inter-level travel turns spent in this place as a percentage of turns spent in this place.
 D = Turns resting spent in this place as a percentage of non-inter-level travel turns spent in this place.
 E = Turns spent auto-exploring this place as a percentage of non-inter-level travel turns spent in this place.
 F = Non-inter-level travel turns spent in this place divided by the number of levels of this place that you've seen.
                   A       B       C       D       E      F
               +-------+-------+-------+-------+-------+----------------------
         Total | 100.0 | 100.0 |   0.0 |  35.1 |  29.5 | 308.0
       Dungeon | 100.0 | 100.0 |   0.0 |  35.1 |  29.5 | 308.0
               +-------+-------+-------+-------+-------+----------------------

Table legend:
 A = Kills in this place as a percentage of kills in entire the game.
 B = Kills by you in this place as a percentage of kills by you in the entire game.
 C = Kills by friends in this place as a percentage of kills by friends in the entire game.
 D = Other kills in this place as a percentage of other kills in the entire game.
 E = Experience gained in this place as a percentage of experience gained in the entire game.
 F = Experience gained in this place divided by the number of levels of this place that you have seen.
                   A       B       C       D       E      F
               +-------+-------+-------+-------+-------+----------------------
         Total | 100.0 | 100.0 |   N/A |   N/A | 100.0 |  21.0
       Dungeon | 100.0 | 100.0 |   N/A |   N/A | 100.0 |  21.0
               +-------+-------+-------+-------+-------+----------------------
